 Dungeon Crawl Stone Soup version 0.20.1-1-g8b1a95d (webtiles) character file.

2492 troglodite the Skirmisher (level 9, -8/71 HPs)
             Began as a Demonspawn Berserker on Nov 30, 2017.
             Was an Elder of Trog.
             Mangled by an ogre
             ... wielding a +0 giant spiked club
              (17 damage)
             ... on level 8 of the Dungeon.
             The game lasted 00:31:06 (7643 turns).

troglodite the Skirmisher (Demonspawn Berserker)    Turns: 7643, Time: 00:31:07

Health: -8/71      AC: 12    Str: 31    XL:     9   Next: 27%
Magic:  9/9        EV: 14    Int:  8    God:    Trog [****..]
Gold:   578        SH:  0    Dex: 16    Spells: 8/8 levels left

rFire    + . .     SeeInvis .   M - +2 short sword (speed)
rCold    + . .     Gourm    .   (no shield)
rNeg     . . .     Faith    .   K - +1 scale mail "Epheifel" {rElec Str+9}
rPois    .         Spirit   .   (helmet restricted)
rElec    +         Reflect  .   L - +0 cloak
rCorr    .         Harm     .   I - +0 pair of gloves
MR       .....                  h - +0 pair of boots
Stlth    ..........             (no amulet)
Regen    0.3/turn               y - ring of protection from cold
MPRegen  0.2/turn               u - +4 ring of strength

@: berserk cooldown, slowed, very slow
A: claws 1, hooves 1, horns 1, fire resistance 1
a: Berserk, Trog's Hand, Brothers in Arms, Burn Spellbooks, Renounce Religion


You were on level 8 of the Dungeon.
You worshipped Trog.
Trog was greatly pleased with you.
You were near starving.

You visited 1 branch of the dungeon, and saw 8 of its levels.

You collected 578 gold pieces.

Inventory:

Hand Weapons
 a - a +1 falchion
 M - a +2 short sword of speed (weapon)
Armour
 h - a +0 pair of boots (worn)
 q - a +1 chain mail
 I - a +0 pair of gloves (worn)
 K - the +1 scale mail "Epheifel" (worn) {rElec Str+9}
   (You found it on level 7 of the Dungeon)

   It affects your strength (+9).
   It insulates you from electricity.
 L - a +0 cloak (worn)
Jewellery
 s - an uncursed ring of stealth
 t - an uncursed ring of flight
 u - a +4 ring of strength (right hand)
 y - a ring of protection from cold (left hand)
 A - a +2 ring of strength
 E - an uncursed ring of protection from fire
Scrolls
 d - a scroll of teleportation {unknown}
 e - 2 scrolls of fear
 i - a scroll of enchant weapon
 j - a scroll of random uselessness {unknown}
 o - a scroll of fog {unknown}
 r - 3 scrolls of enchant armour
 x - 3 scrolls of magic mapping
 C - 2 scrolls of identify
 G - 2 scrolls of blinking {unknown}
 J - a scroll of immolation {unknown}
Potions
 f - 2 potions of heal wounds
 g - 2 potions of cancellation
 k - 4 potions of curing
 l - 2 potions of mutation
 m - 2 potions of ambrosia {unknown}
 n - 3 potions of invisibility {unknown}
 p - a potion of agility {unknown}
 v - 4 potions of flight {unknown}
 z - 2 potions of brilliance {unknown}
 B - a potion of berserk rage {unknown}
 F - a potion of degeneration {unknown}
Comestibles
 b - 10 fruits
 c - 5 bread rations
 w - 2 meat rations
 D - a royal jelly
 H - 6 chunks of flesh


   Skills:
 * Level 6.7 Fighting
 + Level 3.6(4.9) Short Blades
 + Level 4.9(5.5) Long Blades
 * Level 6.4 Armour
 * Level 5.0 Dodging
 + Level 0.8 Stealth
 * Level 2.2 Unarmed Combat


You had 8 spell levels left.
You didn't know any spells.

Dungeon Overview and Level Annotations

Branches:
Dungeon (8/15)             Temple (0/1) D:5
   Lair: D:8-11

Altars:
Ashenzari
Cheibriados
Elyvilon
Hepliaklqana
Nemelex Xobeh
Sif Muna
Trog
Xom

Annotations:
D:8 Prince Ribbit


Innate Abilities, Weirdness & Mutations

You have sharp fingernails.
You have large cloven feet.
You have a pair of small horns on your head.
Your flesh is heat resistant. (rF+)


Message History

Found a hand axe.
Prince Ribbit hits you!
The ogre hits you with a giant spiked club!
Found a scroll of remove curse.
You are near starving!
You puncture the ogre! Your headbutt misses the ogre.
The ogre is moderately wounded.
Prince Ribbit hits you!
The ogre hits you with a giant spiked club!
Prince Ribbit hits you but does no damage.
You are too injured to fight recklessly!
You're still recovering from your berserk rage.
Unknown command.
Prince Ribbit hits you!
* * * LOW HITPOINT WARNING * * *
Prince Ribbit closely misses you. Prince Ribbit hits you!
* * * LOW HITPOINT WARNING * * *
The ogre hits you with a giant spiked club!
You die...

**,,,,...######........,,,,,,,,,,
**,,,∩).................,,,,,,,,,
**,,,,...................,,,,,,,,
**,,,,....................,,,,,,,
*****,.!..................,,,,,,,
******....................,,,,,,,
,,,,,,....................,,,,,,,
,,,,,,.........O..........,,,,,,,
,,,,,,....#####F@.........,,,,,,,
,,,,,,...,* #...........,,,,,,,
,,,,,,..,,* #..)........,,,,,,,
,,,,,,.,,,#####...........,,,,,,,
,,,,,,,,,,................,,,,,,,
,,,,,,,,,,................,,,,,,,
,,,,,,,,,,......................,
*******,,,......................,
**,,,,*,*,......................,


You could see Prince Ribbit and an ogre.

Vanquished Creatures
  Maurice (D:8)
  2 ice beasts
  3 phantoms
  5 ogres
  A centaur (D:7)
  Blork the orc (D:6)
  A scorpion (D:4)
  A killer bee (D:2)
  A howler monkey (D:4)
  3 crimson imps
  A centaur zombie (D:7)
  3 orc priests
  A hound (D:4)
  Jessica (D:2)
  3 iguanas
  8 orc wizards
  5 worker ants
  A hound zombie (D:7)
  A hound skeleton (D:4)
  A worker ant zombie (D:7)
  4 gnolls (D:7)
  8 adders
  3 shadow imps
  An adder zombie (D:5)
  An adder skeleton (D:6)
  3 worms
  2 dart slugs
  4 leopard geckos
  25 orcs
  8 bats
  4 giant cockroaches
  9 goblins
  12 hobgoblins
  9 jackals
  9 kobolds
  5 quokkas
  2 ball pythons
  4 frilled lizards
  A jackal skeleton (D:4)
  A leopard gecko skeleton (D:4)
  2 rats
161 creatures vanquished.

Vanquished Creatures (others)
  An orc warrior (D:4)
  An adder (D:4)
  A leopard gecko (D:4)
  An orc (D:4)
4 creatures vanquished.

Grand Total: 165 creatures vanquished

Notes
Turn   | Place    | Note
-------+----------+-------------------------------------------
     0 | D:1      | troglodite the Demonspawn Berserker began the quest for the Orb.
     0 | D:1      | Reached XP level 1. HP: 18/18 MP: 1/1
   534 | D:1      | Gained mutation: You have large cloven feet. [demonic ancestry]
   534 | D:1      | Reached XP level 2. HP: 24/24 MP: 2/2
  1335 | D:2      | Noticed Jessica
  1338 | D:2      | Gained mutation: You have a pair of small horns on your head. [demonic ancestry]
  1338 | D:2      | Reached XP level 3. HP: 15/29 MP: 3/3
  1341 | D:2      | Killed Jessica
  1683 | D:2      | Reached XP level 4. HP: 37/37 MP: 4/4
  1878 | D:2      | Reached ** piety under Trog
  2091 | D:2      | Found a sparkling altar of Nemelex Xobeh.
  2097 | D:2      | Noticed an ice beast
  2108 | D:2      | Found a transporter.
  2200 | D:2      | Found a transporter.
  2415 | D:2      | Killed an ice beast
  2415 | D:2      | Reached XP level 5. HP: 43/43 MP: 5/5
  2433 | D:2      | Reached XP level 6. HP: 19/49 MP: 6/6
  2892 | D:3      | Found a hazy altar of Hepliaklqana.
  3165 | D:3      | Reached *** piety under Trog
  3174 | D:3      | Reached skill level 5 in Fighting
  3397 | D:3      | Found a bloodstained altar of Trog.
  3489 | D:4      | Killed an orc warrior
  3497 | D:4      | Gained mutation: You have sharp fingernails. [demonic ancestry]
  3497 | D:4      | Reached XP level 7. HP: 50/56 MP: 7/7
  4157 | D:4      | Found a shimmering altar of Xom.
  4610 | D:5      | Entered Level 5 of the Dungeon
  4731 | D:5      | Reached skill level 1 in Short Blades
  4731 | D:5      | Reached XP level 8. HP: 61/64 MP: 8/8
  5009 | D:5      | Found a white marble altar of Elyvilon.
  5048 | D:5      | Found a staircase to the Ecumenical Temple.
  5681 | D:6      | Found a shattered altar of Ashenzari.
  5749 | D:6      | Noticed Blork the orc
  5754 | D:6      | Killed Blork the orc
  5816 | D:6      | Reached skill level 5 in Armour
  5816 | D:6      | Reached skill level 1 in Unarmed Combat
  6018 | D:6      | Found a deep blue altar of Sif Muna.
  6630 | D:7      | Got an opal-encrusted scale mail
  6641 | D:7      | Identified the cursed +1 scale mail "Epheifel" {rElec Str+9} (You found it on level 7 of the Dungeon)
  6662 | D:7      | Found a snail-covered altar of Cheibriados.
  7006 | D:7      | Reached **** piety under Trog
  7251 | D:7      | Gained mutation: Your flesh is heat resistant. (rF+) [demonic ancestry]
  7251 | D:7      | Reached XP level 9. HP: 43/71 MP: 9/9
  7608 | D:8      | Noticed Maurice
  7617 | D:8      | Killed Maurice
  7617 | D:8      | Reached skill level 5 in Dodging
  7637 | D:8      | Noticed Prince Ribbit
  7643 | D:8      | Mangled by an ogre

Skill      XL: |  1  2  3  4  5  6  7  8  9 |
---------------+----------------------------+-----
Dodging        | 2 3 4 5 |  5.0
Long Blades    | 3 4 |  4.9
Armour         | 2 3 4 6 |  6.4
Fighting       | 4 5 6 |  6.7
Short Blades   | 1 3 |  3.6
Unarmed Combat | 2 |  2.2
Stealth        | |  0.8

Action                   |  1- 3 |  4- 6 |  7- 9 || total
-------------------------+-------+-------+-------++-------
Melee: Falchion          |    84 |   144 |    12 ||   240
       Kick              |    20 |    48 |    52 ||   120
       Headbutt          |     4 |    29 |   132 ||   165
       Dagger            |       |       |   439 ||   439
       Punch             |       |       |     6 ||     6
       Short sword       |       |       |    20 ||    20
Invok: Berserk           |     1 |     4 |     7 ||    12
       Burn Spellbooks   |       |     1 |       ||     1
  Use: Scroll            |       |     9 |     2 ||    11
  Eat: Chunk             |     3 |     9 |    14 ||    26
       Meat ration       |       |       |     1 ||     1
Armor: Animal skin       |    12 |       |       ||    12
       Ring mail         |     5 |       |       ||     5
       Chain mail        |    19 |    75 |    81 ||   175
       Scale mail        |       |       |    32 ||    32
Dodge: Dodged            |    38 |    87 |   149 ||   274
       Rpst.: Falchion   |     8 |    18 |     3 ||    29
